 Dungeon Crawl Stone Soup version 0.29.1-1-gd02db6906a (webtiles) character file.

Game seed: 9972802628170533846

711 Earthwalker the Poker (level 7, -1/60 HPs)
             Began as a Minotaur Fighter on Oct 10, 2022.
             Slain by an orc warrior
             ... wielding a +0 long sword
              (10 damage)
             ... on level 5 of the Dungeon.
             The game lasted 00:14:04 (5082 turns).

Earthwalker the Poker (Minotaur Fighter)            Turns: 5082, Time: 00:14:04

Health: -1/60      AC:  7    Str: 23    XL:     7   Next: 40%
Magic:  7/7        EV: 10    Int:  5    God:
Gold:   185        SH:  4    Dex:  9    Spells: 6/6 levels left

rFire   . . .      SeeInvis .   a - +0 trident
rCold   . . .      Faith    .   c - +0 buckler
rNeg    . . .      Spirit   .   b - +0 scale mail
rPois   +          Reflect  .   (helmet restricted)
rElec   .          Harm     .   (no cloak)
rCorr   .          Rampage  .   (no gloves)
Will    .....                   (no boots)
Stlth   ..........              (no amulet)
HPRegen 0.20/turn               f - ring of poison resistance
MPRegen 0.10/turn               (no ring)

@: no status effects
A: horns 2, retaliatory headbutt
a: no special abilities


You were on level 5 of the Dungeon.
You visited 1 branch of the dungeon, and saw 5 of its levels.
You also visited: Ossuary.

You collected 185 gold pieces.

Inventory:

Hand Weapons
 a - a +0 trident (weapon)
Armour
 b - a +0 scale mail (worn)
 c - a +0 buckler (worn)
Jewellery
 f - a ring of poison resistance (left hand)
Wands
 n - a wand of flame (17)
Scrolls
 g - a scroll of teleportation
 h - a scroll of brand weapon
 i - 4 scrolls of vulnerability
Potions
 d - a potion of might
 e - 2 potions of brilliance
 j - 4 potions of curing
 k - a potion of berserk rage {unknown}
 m - a potion of flight {unknown}
 o - 3 potions of heal wounds {unknown}
 p - a potion of resistance {unknown}
 q - 2 potions of mutation {unknown}
 r - 2 potions of attraction {unknown}
 s - 2 potions of lignification {unknown}
 t - a potion of magic {unknown}


   Skills:
 * Level 4.6 Fighting
 * Level 5.5 Polearms
 * Level 1.8 Throwing
 * Level 5.2 Armour
 * Level 2.3 Dodging
 * Level 1.7 Stealth
 * Level 4.5 Shields
 * Level 2.1 Invocations
 * Level 1.8 Evocations


You had 6 spell levels left.
You didn't know any spells.
Your spell library was empty.

Dungeon Overview and Level Annotations

Branches:
Dungeon (5/15)            Ossuary (visited)
 Temple: D:4-7

Altars:
Makhleb
Zin

Shops:
D:4 *


Innate Abilities, Weirdness & Mutations

You have a pair of horns on your head.
You reflexively headbutt those who attack you in melee.


Message History

Press: ? - help, Dir - move target, f - orc warrior
Aim: an orc warrior, wielding a +0 long sword and wearing a +0 plate armour (about 43% to evade your +0 trident)
You reach to attack!
You barely miss the orc warrior. You hit the orc warrior.
The orc warrior is lightly wounded.
The orc warrior barely misses you.
You hit the orc warrior but do no damage.
You headbutt the orc warrior, but do no damage.
The orc warrior is lightly wounded.
The orc warrior hits you with a +0 long sword!
You hit the orc warrior but do no damage.
The orc warrior is lightly wounded.
The orc warrior hits you with a +0 long sword!
You closely miss the orc warrior.
The orc warrior is lightly wounded.
You block the orc warrior's attack.
You hit the orc warrior.
The orc warrior is lightly wounded.
The orc warrior misses you. You furiously retaliate!
You headbutt the orc warrior, but do no damage.
You closely miss the orc warrior. Your headbutt misses the orc warrior.
The orc warrior is lightly wounded.
The orc warrior barely misses you.
You hit the orc warrior but do no damage.
The orc warrior is lightly wounded.
The orc warrior hits you with a +0 long sword!
You hit the orc warrior.
The orc warrior is moderately wounded.
You block the orc warrior's attack.
You hit the orc warrior.
The orc warrior is moderately wounded.
The orc warrior hits you with a +0 long sword!
* * * LOW HITPOINT WARNING * * *
You puncture the orc warrior!
The orc warrior is severely wounded.
The orc warrior barely misses you.
You barely miss the orc warrior. Your headbutt misses the orc warrior.
The orc warrior is severely wounded.
The orc warrior hits you with a +0 long sword!
You die...

..........####...#
#........# #...##
####.#...###...# #
#....##..##
##....#####
#....## #..).####
##...o..# #...@[.#
##......# #.....##
##.#### ###


You could see an orc warrior.

Vanquished Creatures
  An ogre (D:4)
  A centaur (D:5)
  An elf zombie (Ossuary)
  A scorpion (D:4)
  2 human zombies (Ossuary)
  A hound (D:4)
  2 orc priests (D:4)
  Terence (D:2)
  An iguana (D:5)
  2 orc wizards
  2 mummies (Ossuary)
  A gnoll (D:5)
  4 adders
  2 adder zombies (Ossuary)
  A worm (D:2)
  2 dart slugs
  6 orcs
  9 endoplasms
  6 giant cockroaches
  2 goblins
  8 hobgoblins
  3 jackals (D:2)
  5 kobolds
  2 quokkas
  6 ball pythons
  4 bats
  5 frilled lizards
  7 hobgoblin zombies (Ossuary)
  3 jackal zombies (Ossuary)
  13 kobold zombies (Ossuary)
  6 orc zombies (Ossuary)
  4 rats
  3 rat zombies (Ossuary)
117 creatures vanquished.

Notes
Turn   | Place    | Note
-------+----------+-------------------------------------------
     0 | D:1      | Earthwalker the Minotaur Fighter began the quest for the
                  | Orb.
     0 | D:1      | Reached XP level 1. HP: 19/19 MP: 0/0
   177 | D:1      | Reached XP level 2. HP: 24/27 MP: 1/1
   358 | D:1      | Found Dokhaar's Weapon Shop.
   718 | D:2      | Noticed Terence
   729 | D:2      | Killed Terence
   730 | D:2      | Reached skill level 1 in Dodging
   730 | D:2      | Reached skill level 1 in Invocations
   730 | D:2      | Reached XP level 3. HP: 17/33 MP: 2/2
   978 | D:2      | Reached XP level 4. HP: 36/40 MP: 3/3
  1883 | D:3      | Found a glowing silver altar of Zin.
  1911 | D:3      | You fall into a shaft and drop 1 floor!
  1941 | D:4      | Found a sand-covered staircase.
  1956 | Ossuary  | Entered an ossuary
  1997 | Ossuary  | Reached skill level 1 in Evocations
  2175 | Ossuary  | Reached XP level 5. HP: 39/46 MP: 4/4
  2231 | Ossuary  | Reached skill level 1 in Stealth
  2622 | Ossuary  | Reached skill level 1 in Throwing
  2622 | Ossuary  | Reached XP level 6. HP: 40/52 MP: 6/6
  3127 | D:4      | Found a burning altar of Makhleb.
  3194 | D:4      | Reached skill level 5 in Polearms
  3199 | D:4      | Found Duiq's General Store.
  3747 | D:4      | Reached XP level 7. HP: 60/60 MP: 7/7
  4235 | D:5      | Entered Level 5 of the Dungeon
  4306 | D:4      | Reached skill level 5 in Armour
  5082 | D:5      | Slain by an orc warrior

Illustrated notes

Levels and vault maps discovered:
D:1:      amcnicky_arrival_flooded_fountain, layout_basic, serial_shops, shop
D:2:      layout_rooms, uniq_terence
D:3:      layout_basic, lemuel_coloured_pillars_altar
D:4:      layout_layer_cave, makhleb_heckhound_becter, serial_shops,
          kennysheep_little_box, lightli_ossuary_entry_decrepit_ruins,
          roderic_lattice_a, grunt_decor_arrowhead
D:5:      layout_cave_pools, amcnicky_altar_gilded,
          minmay_temple_entry_offerings

Skill      XL: |  1  2  3  4  5  6  7 |
---------------+----------------------+-----
Armour         | 4 5 |  5.2
Dodging        | 1 2 |  2.3
Invocations    | 1 2 |  2.1
Polearms       | 3 4 5 |  5.5
Fighting       | 4 |  4.6
Shields        | 4 |  4.5
Evocations     | 1 |  1.8
Stealth        | 1 |  1.7
Throwing       | 1 |  1.8

Action                   |  1- 3 |  4- 6 |  7- 9 || total
-------------------------+-------+-------+-------++-------
Melee: Trident           |    71 |   235 |    49 ||   355
       Headbutt          |     5 |    30 |     9 ||    44
  Use: Scroll            |     3 |       |     4 ||     7
Armor: Scale mail        |    37 |   101 |    21 ||   159
Dodge: Dodged            |    46 |    81 |    25 ||   152
Block: Buckler           |    18 |    40 |     8 ||    66
